[ PARTIDA AOE2 · #492827106 ]
UnrankedMalayos vs Magyars
Equipo del jugador · DERR
Equipo rival · VICT
[ ANÁLISIS DE REPETICIÓN · EXTRAÍDO DE LA PARTIDA GRABADA ]
Feudal
10:54
Castillos
13:45
Imperial
23:51
| APM promedio | 58.9 |
| APM pico | 104 |
| eAPM promedio | 33.4 |
| Aldeanos / militares | 168 / 474 |
Foco
⚔️ 59.4% · 🌾 40.6%
Militia ×171 · Archer ×120 · Spearman ×82 · Skirmisher ×74 · Karambit Warrior ×12 · Battering Ram ×9
Feudal
10:13
Castillos
15:48
Imperial
33:00
| APM promedio | 53.3 |
| APM pico | 102 |
| eAPM promedio | 28.3 |
| Aldeanos / militares | 149 / 350 |
Foco
⚔️ 44.9% · 🌾 55.1%
Cavalry Archer ×135 · Magyar Huszar ×107 · Skirmisher ×69 · Trebuchet (Packed) ×17 · Battering Ram ×8 · Scout Cavalry ×6
Mapa de la partida
Recursos iniciales + cada clic de construcción. Líneas = muros · curvas = relieve. ◆ oro · ⬟ piedra · ● bayas · ✦ reliquia · ◌ hueco del cierre
Tu base· ✓ Cerrada en 13:45 · 2t muro · 3 puerta(s)
Base de rconant93· ✓ Cerrada en 15:48 · 0t muro · 2 puerta(s)
Terreno inicial suavizado · ◌ = hueco del cierre detectado · pasá el cursor para detalles
Inputs por minuto
— Fabrizio 094455 - - rconant93
Build order — Fabrizio 094455
Primeras 150 de 874 acciones detectadas
| 0:01 | Crear | Villager (Male) |
| 0:01 | Crear | Villager (Male) |
| 0:01 | Crear | Villager (Male) |
| 0:02 | Construir | House |
| 0:03 | Construir | House |
| 0:09 | Crear | Villager (Male) |
| 1:23 | Crear | Villager (Male) |
| 1:50 | Crear | Villager (Male) |
| 1:50 | Crear | Villager (Male) |
| 1:55 | Construir | Lumber Camp |
| 2:24 | Crear | Villager (Male) |
| 2:40 | Crear | Villager (Male) |
| 2:40 | Crear | Villager (Male) |
| 3:05 | Crear | Villager (Male) |
| 3:27 | Construir | House |
| 3:28 | Construir | House |
| 3:32 | Crear | Villager (Male) |
| 4:01 | Crear | Villager (Male) |
| 4:02 | Crear | Villager (Male) |
| 4:08 | Construir | Mill |
| 4:22 | Crear | Villager (Male) |
| 4:46 | Crear | Villager (Male) |
| 5:01 | Crear | Villager (Male) |
| 5:20 | Construir | Farm |
| 5:30 | Crear | Villager (Male) |
| 6:02 | Crear | Villager (Male) |
| 6:19 | Crear | Villager (Male) |
| 6:43 | Construir | Farm |
| 6:47 | Crear | Villager (Male) |
| 7:26 | Crear | Villager (Male) |
| 7:50 | Crear | Villager (Male) |
| 7:59 | Construir | House |
| 8:01 | Construir | Mining Camp |
| 8:19 | Crear | Villager (Male) |
| 8:22 | Crear | Villager (Male) |
| 8:23 | Crear | Villager (Male) |
| 9:18 | Construir | Mining Camp |
| 9:22 | Investigar | Feudal Age |
| 10:05 | Crear | Villager (Male) |
| 10:05 | Crear | Villager (Male) |
| 10:42 | Crear | Villager (Male) |
| 10:54 | Edad | Edad Feudal |
| 10:55 | Construir | Market |
| 10:57 | Construir | Blacksmith |
| 11:59 | Construir | House |
| 12:07 | Investigar | Castle Age |
| 12:07 | Investigar | Castle Age |
| 12:32 | Construir | Palisade Gate |
| 12:47 | Construir | Palisade Wall |
| 12:48 | Construir | Palisade Wall |
| 13:45 | Edad | Edad de los Castillos |
| 14:04 | Construir | Castle |
| 14:10 | Crear | Villager (Male) |
| 14:10 | Crear | Villager (Male) |
| 14:37 | Construir | Castle |
| 15:09 | Crear | Villager (Male) |
| 15:09 | Crear | Villager (Male) |
| 15:11 | Investigar | Loom |
| 15:14 | Crear | Villager (Male) |
| 15:16 | Investigar | Double-Bit Axe |
| 15:17 | Investigar | Horse Collar |
| 15:25 | Construir | Farm |
| 15:40 | Crear | Villager (Male) |
| 15:45 | Construir | Mill |
| 15:56 | Crear | Karambit Warrior |
| 16:04 | Crear | Villager (Male) |
| 16:07 | Construir | Farm |
| 16:12 | Crear | Karambit Warrior |
| 16:20 | Construir | Farm |
| 16:20 | Construir | Farm |
| 16:21 | Construir | Farm |
| 16:42 | Construir | Farm |
| 16:50 | Crear | Villager (Male) |
| 16:59 | Construir | Farm |
| 17:02 | Crear | Villager (Male) |
| 17:02 | Crear | Villager (Male) |
| 17:04 | Construir | Farm |
| 17:23 | Construir | House |
| 17:25 | Crear | Villager (Male) |
| 17:39 | Crear | Villager (Male) |
| 17:45 | Construir | Farm |
| 17:47 | Construir | Farm |
| 17:50 | Construir | Farm |
| 18:04 | Crear | Villager (Male) |
| 18:12 | Construir | Outpost |
| 18:14 | Crear | Villager (Male) |
| 18:17 | Construir | Farm |
| 18:39 | Crear | Villager (Male) |
| 18:55 | Construir | Farm |
| 19:03 | Construir | Outpost |
| 19:06 | Crear | Villager (Male) |
| 19:20 | Construir | Farm |
| 19:30 | Crear | Villager (Male) |
| 19:39 | Construir | Farm |
| 19:44 | Crear | Villager (Male) |
| 20:08 | Crear | Villager (Male) |
| 20:38 | Construir | Barracks |
| 20:45 | Construir | Palisade Wall |
| 21:23 | Construir | Archery Range |
| 21:26 | Crear | Villager (Male) |
| 21:30 | Construir | Farm |
| 21:32 | Construir | Farm |
| 21:35 | Construir | Farm |
| 21:57 | Investigar | Imperial Age |
| 22:00 | Construir | Farm |
| 22:20 | Crear | Archer |
| 22:20 | Crear | Archer |
| 22:28 | Investigar | Fletching |
| 22:29 | Investigar | Fletching |
| 22:32 | Investigar | Gold Mining |
| 22:32 | Investigar | Gold Mining |
| 22:45 | Investigar | Bow Saw |
| 22:45 | Investigar | Bow Saw |
| 22:47 | Crear | Archer |
| 22:47 | Crear | Archer |
| 23:21 | Construir | University |
| 23:25 | Investigar | Crossbowman (upgrade) |
| 23:25 | Investigar | Crossbowman (upgrade) |
| 23:51 | Edad | Edad Imperial |
| 24:10 | Crear | Trebuchet (Packed) |
| 24:16 | Crear | Villager (Male) |
| 24:26 | Investigar | Fletching |
| 24:27 | Crear | Archer |
| 24:28 | Crear | Archer |
| 24:28 | Crear | Villager (Male) |
| 24:38 | Crear | Archer |
| 24:59 | Crear | Villager (Male) |
| 25:12 | Crear | Archer |
| 25:22 | Crear | Trebuchet (Packed) |
| 25:26 | Crear | Villager (Male) |
| 25:34 | Construir | Town Center |
| 25:36 | Crear | Archer |
| 26:12 | Crear | Archer |
| 26:14 | Crear | Karambit Warrior |
| 26:15 | Crear | Karambit Warrior |
| 26:24 | Investigar | Bodkin Arrow |
| 26:36 | Crear | Villager (Male) |
| 26:38 | Crear | Archer |
| 26:43 | Construir | House |
| 26:43 | Construir | House |
| 27:01 | Crear | Villager (Male) |
| 27:09 | Crear | Trebuchet (Packed) |
| 27:11 | Crear | Archer |
| 27:11 | Crear | Archer |
| 27:13 | Crear | Villager (Male) |
| 27:13 | Crear | Villager (Male) |
| 27:16 | Investigar | Wheelbarrow |
| 27:53 | Crear | Archer |
| 27:53 | Crear | Archer |
| 27:55 | Crear | Villager (Male) |
Build order — rconant93
Primeras 150 de 719 acciones detectadas
| 0:00 | Crear | Villager (Male) |
| 0:01 | Crear | Villager (Male) |
| 0:02 | Construir | House |
| 0:03 | Construir | House |
| 0:11 | Crear | Villager (Male) |
| 0:11 | Crear | Villager (Male) |
| 1:21 | Crear | Villager (Male) |
| 1:21 | Crear | Villager (Male) |
| 1:50 | Construir | Lumber Camp |
| 2:00 | Crear | Villager (Male) |
| 2:00 | Crear | Villager (Male) |
| 2:29 | Crear | Villager (Male) |
| 2:30 | Crear | Villager (Male) |
| 3:14 | Crear | Villager (Male) |
| 3:25 | Construir | House |
| 3:25 | Construir | House |
| 3:38 | Crear | Villager (Male) |
| 3:38 | Crear | Villager (Male) |
| 4:11 | Construir | Mill |
| 4:15 | Crear | Villager (Male) |
| 4:16 | Crear | Villager (Male) |
| 4:49 | Crear | Villager (Male) |
| 4:49 | Crear | Villager (Male) |
| 5:35 | Crear | Villager (Male) |
| 5:50 | Crear | Villager (Male) |
| 5:51 | Crear | Villager (Male) |
| 6:46 | Crear | Villager (Male) |
| 7:25 | Crear | Villager (Male) |
| 7:51 | Construir | Lumber Camp |
| 8:03 | Investigar | Feudal Age |
| 8:25 | Construir | Mining Camp |
| 9:14 | Crear | Villager (Male) |
| 9:14 | Crear | Villager (Male) |
| 9:29 | Construir | Barracks |
| 10:07 | Construir | House |
| 10:09 | Crear | Villager (Male) |
| 10:13 | Edad | Edad Feudal |
| 10:22 | Construir | Stable |
| 10:25 | Construir | Blacksmith |
| 10:28 | Crear | Villager (Male) |
| 10:47 | Crear | Villager (Male) |
| 10:57 | Construir | Farm |
| 10:59 | Construir | Farm |
| 11:08 | Construir | Farm |
| 11:27 | Construir | Farm |
| 11:31 | Construir | Farm |
| 11:48 | Crear | Villager (Male) |
| 11:49 | Crear | Villager (Male) |
| 12:12 | Construir | House |
| 13:08 | Investigar | Castle Age |
| 13:17 | Construir | Farm |
| 13:28 | Construir | Farm |
| 13:30 | Construir | Farm |
| 13:44 | Crear | Scout Cavalry |
| 14:00 | Investigar | Double-Bit Axe |
| 14:00 | Investigar | Double-Bit Axe |
| 14:06 | Crear | Scout Cavalry |
| 14:26 | Crear | Scout Cavalry |
| 14:26 | Crear | Scout Cavalry |
| 14:36 | Crear | Scout Cavalry |
| 14:36 | Crear | Scout Cavalry |
| 14:46 | Construir | Watch Tower |
| 15:16 | Construir | House |
| 15:42 | Construir | House |
| 15:48 | Edad | Edad de los Castillos |
| 15:50 | Construir | Town Center |
| 15:59 | Investigar | Bow Saw |
| 16:08 | Construir | Archery Range |
| 16:12 | Investigar | Loom |
| 16:14 | Investigar | Fletching |
| 16:14 | Investigar | Fletching |
| 16:18 | Crear | Villager (Male) |
| 16:59 | Construir | Farm |
| 16:59 | Construir | Farm |
| 17:01 | Crear | Cavalry Archer |
| 17:05 | Crear | Cavalry Archer |
| 17:06 | Crear | Villager (Male) |
| 17:10 | Construir | Farm |
| 17:11 | Construir | Farm |
| 17:25 | Construir | Monastery |
| 17:30 | Crear | Villager (Male) |
| 17:37 | Construir | Farm |
| 17:40 | Crear | Villager (Male) |
| 17:59 | Crear | Monk |
| 18:12 | Crear | Villager (Male) |
| 18:16 | Construir | Farm |
| 18:17 | Crear | Cavalry Archer |
| 18:34 | Crear | Villager (Male) |
| 18:34 | Crear | Villager (Male) |
| 18:37 | Crear | Villager (Male) |
| 18:42 | Construir | Farm |
| 18:44 | Crear | Villager (Male) |
| 18:44 | Crear | Villager (Male) |
| 18:59 | Crear | Cavalry Archer |
| 18:59 | Crear | Cavalry Archer |
| 19:00 | Crear | Villager (Male) |
| 19:06 | Crear | Knight |
| 19:06 | Crear | Villager (Male) |
| 19:30 | Crear | Villager (Male) |
| 19:31 | Crear | Villager (Male) |
| 19:42 | Crear | Villager (Male) |
| 19:53 | Construir | Town Center |
| 20:03 | Crear | Cavalry Archer |
| 20:04 | Crear | Cavalry Archer |
| 20:07 | Crear | Villager (Male) |
| 20:08 | Crear | Villager (Male) |
| 20:09 | Crear | Villager (Male) |
| 20:12 | Construir | House |
| 20:33 | Construir | House |
| 20:34 | Construir | House |
| 20:37 | Crear | Cavalry Archer |
| 20:37 | Crear | Cavalry Archer |
| 20:43 | Crear | Monk |
| 20:44 | Crear | Villager (Male) |
| 20:47 | Investigar | Wheelbarrow |
| 20:47 | Investigar | Wheelbarrow |
| 20:49 | Crear | Villager (Male) |
| 20:49 | Crear | Villager (Male) |
| 21:06 | Crear | Villager (Male) |
| 21:06 | Crear | Villager (Male) |
| 21:09 | Construir | Farm |
| 21:18 | Crear | Villager (Male) |
| 21:19 | Crear | Villager (Male) |
| 21:23 | Construir | Farm |
| 21:23 | Construir | Farm |
| 21:25 | Construir | Farm |
| 21:33 | Crear | Villager (Male) |
| 21:34 | Crear | Villager (Male) |
| 22:08 | Crear | Villager (Male) |
| 22:08 | Crear | Villager (Male) |
| 22:09 | Crear | Villager (Male) |
| 22:14 | Crear | Villager (Male) |
| 22:14 | Crear | Villager (Male) |
| 22:16 | Construir | Lumber Camp |
| 22:23 | Construir | Farm |
| 22:29 | Construir | Farm |
| 22:31 | Crear | Cavalry Archer |
| 22:31 | Crear | Cavalry Archer |
| 22:34 | Crear | Villager (Male) |
| 22:35 | Crear | Villager (Male) |
| 22:37 | Crear | Villager (Male) |
| 22:37 | Crear | Villager (Male) |
| 22:46 | Crear | Cavalry Archer |
| 22:46 | Crear | Cavalry Archer |
| 22:50 | Crear | Villager (Male) |
| 23:09 | Crear | Villager (Male) |
| 23:10 | Crear | Villager (Male) |
| 23:15 | Construir | Siege Workshop |
| 23:16 | Crear | Villager (Male) |
| 23:17 | Crear | Villager (Male) |
Cronología de la partida
| 9:29 | rconant93 · first_building Barracks |
| 10:13 | rconant93 · age_up feudal |
| 10:22 | rconant93 · first_building Stable |
| 10:54 | Fabrizio 094455 · age_up feudal |
| 12:47 | Fabrizio 094455 · wall_segment Palisade Wall x1 |
| 12:48 | Fabrizio 094455 · wall_segment Palisade Wall x1 |
| 13:32 | Fabrizio 094455 · first_market_sell 100 wood |
| 13:34 | Fabrizio 094455 · first_market_buy 100 stone |
| 13:45 | Fabrizio 094455 · age_up castle |
| 14:04 | Fabrizio 094455 · first_building Castle |
| 15:48 | rconant93 · age_up castle |
| 16:08 | rconant93 · first_building Archery Range |
| 17:25 | rconant93 · first_building Monastery |
| 20:38 | Fabrizio 094455 · first_building Barracks |
| 20:45 | Fabrizio 094455 · wall_segment Palisade Wall x1 |
| 21:23 | Fabrizio 094455 · first_building Archery Range |
| 23:15 | rconant93 · first_building Siege Workshop |
| 23:51 | Fabrizio 094455 · age_up imperial |
| 33:00 | rconant93 · first_building Castle |
| 33:00 | rconant93 · age_up imperial |
| 34:34 | Fabrizio 094455 · first_building Monastery |
| 38:54 | rconant93 · first_market_sell 100 wood |
| 43:22 | rconant93 · first_market_buy 100 food |
| 43:56 | Fabrizio 094455 · first_building Siege Workshop |
| 53:30 | Fabrizio 094455 · wall_segment Stone Wall x5 |
| 55:46 | Fabrizio 094455 · resign |
[ ANÁLISIS IA · 1 CRÉDITO ]
¿Qué pasó realmente en esta partida?
Wolo.gg analiza cada decisión: build order, eco, micro, errores típicos por bracket. Análisis personalizado por WhatsApp o Discord en 30 segundos.
Guía civ
Malayos
Perfil
Jugador #5843090